Map: At Eternity's Edge LE

Players

Geralt (Gerald) - Winner!

  • Race: Protoss Protoss
  • League: Grandmaster
  • Spawn Location: 11:00

Harstem

  • Race: Protoss Protoss
  • League: Grandmaster
  • Spawn Location: 5:00

Event: HomeStory Cup XXIX

VOD

Have the link to the VOD?

Description

Time

  • Played on: July 4, 2026, 7:29 a.m.
  • Length: 5:35

All games in this series

Show
View Real Time Build Order
Export as new Build Order

Geralt Protoss - Winner!

Build Orders:  

Get SALT Encoding   

  8  0:00  Probe  
  9  0:12  Probe (Chrono Boost)  
  10  0:24  Probe (Chrono Boost)  
  11  0:32  Probe (Chrono Boost)  
  11  0:35  Pylon  
  12  0:38  Probe  
  13  0:53  Probe (Chrono Boost)  
  13  0:55  Gateway  
  14  1:05  Probe (Chrono Boost)  
  14  1:07  Assimilator  
  15  1:13  Probe (Chrono Boost)  
  15  1:16  Assimilator  
  16  1:19  Probe  
  17  1:31  Probe  
  18  1:35  Gateway  
  18  1:43  Probe  
  18  1:45  Cybernetics Core  
  19  1:55  Probe  
  19  1:56  Pylon  
  20  2:08  Probe  
  21  2:22  Stalker x2  
  25  2:24  Probe  
  25  2:27  Warp Gate (Chrono Boost)  
  26  2:36  Probe  
  27  2:42  Pylon  
  27  2:49  Probe  
  28  2:56  Stalker  
  29  3:00  Stalker  
  29  3:03  Probe  
  32  3:15  Probe  
  33  3:29  Nexus  
  34  3:35  Sentry  
  36  3:43  Robotics Facility  
  35  3:49  Pylon  
  36  4:03  Sentry  
  36  4:05  Probe  
  37  4:14  Gateway  
  37  4:27  Immortal (Chrono Boost)  
  37  4:31  Shield Battery  
  41  4:36  Sentry  
  43  4:40  Pylon  
  43  4:50  Stalker  
  45  4:53  Probe  
  47  5:00  Warp Prism (Chrono Boost)  
  48  5:07  Sentry  
  50  5:15  Shield Battery  
Show
View Real Time Build Order
Export as new Build Order

Harstem Protoss 

Build Orders:  

Get SALT Encoding   

  8  0:00  Probe (Chrono Boost)  
  9  0:12  Probe (Chrono Boost)  
  10  0:19  Probe (Chrono Boost)  
  11  0:26  Probe  
  12  0:31  Pylon  
  12  0:38  Probe  
  13  0:51  Probe  
  13  0:54  Gateway  
  14  1:03  Probe (Chrono Boost)  
  15  1:04  Assimilator  
  16  1:12  Probe (Chrono Boost)  
  16  1:14  Assimilator  
  16  1:17  Probe (Chrono Boost)  
  17  1:29  Probe  
  17  1:30  Gateway  
  18  1:41  Probe  
  18  1:44  Cybernetics Core  
  19  1:53  Probe  
  20  1:57  Pylon  
  20  2:05  Probe  
  21  2:17  Probe  
  21  2:20  Warp Gate  
  21  2:21  Stalker  
  24  2:24  Stalker  
  24  2:29  Probe  
  27  2:34  Pylon  
  28  2:48  Stalker  
  29  2:53  Stalker  
  31  3:00  Probe  
  31  3:03  Robotics Facility  
  32  3:15  Stalker  
  35  3:21  Stalker  
  36  3:29  Gateway  
  36  3:36  Pylon  
  38  3:57  Probe  
  38  4:01  Pylon  
  39  4:05  Warp Prism (Chrono Boost)  
  39  4:15  Pylon  
  39  4:33  Probe  
  40  4:42  Stalker x3  
  46  4:52  Pylon  
  46  5:04  Stalker x2  
  46  5:06  Stalker  
  48  5:27  Stalker x2  
Tags
 
Add a new tag
Caveats
  • Supply blocks, unpowered buildings, or Contaminate may cause inaccurate times.
  • Supply counts are checked every 10 seconds.